 Dungeon Crawl Stone Soup version 0.27-a0-808-g60bc5d92e6 (webtiles) character file.

Game seed: 17928585078813970096

315 funkygono the Magician (level 6, 0/41 HPs)
             Began as a Djinni Fire Elementalist on Mar 28, 2021.
             Was an Initiate of Cheibriados.
             Slain by an ogre
             ... wielding a +0 giant spiked club
              (9 damage)
             ... on level 4 of the Dungeon.
             The game lasted 00:08:20 (5469 turns).

funkygono the Magician (Djinni Fire Elementalist)   Turns: 5469, Time: 00:08:21

Health: 0/41       AC:  6    Str:  8    XL:     6   Next: 43%
Gold:   271        EV: 10    Int: 20    God:    Cheibriados [......] SH:  0 Dex: 14

rFire    + + .     SeeInvis .   d - +0 short sword
rCold    . . .     Faith    .   (no shield)
rNeg     . . .     Spirit   .   c - +0 ring mail {rC+}
rPois    ∞         Reflect  .   b - +0 helmet
rElec    .         Harm     .   (no cloak)
rCorr    .         Rampage  .   (no gloves)
Will     .....                  (boots unavailable)
Stlth    +.........             (no amulet)
HPRegen  0.13/turn              (no ring)
MPRegen  0.00/turn              (no ring)

@: flying, very slow
A: fire resistance 2, cold vulnerability 1, float, innate caster, hp casting,
extra vitality 1
a: Renounce Religion, Bend Time


You were on level 4 of the Dungeon.
You worshipped Cheibriados.
Cheibriados was noncommittal.
You visited 1 branch of the dungeon, and saw 4 of its levels.

You collected 271 gold pieces.

Inventory:

Hand Weapons
 d - a +0 short sword (weapon)
Armour
 a - a +0 robe
 b - a +0 helmet (worn)
 c - a +0 ring mail of cold resistance (worn)
Scrolls
 f - 2 scrolls of identify
Potions
 e - a potion of brilliance
 g - a potion of curing {unknown}


   Skills:
 + Level 0.8 Fighting
 * Level 2.0 Armour
 + Level 2.9 Dodging
 - Level 1.5 Stealth
 * Level 5.2 Spellcasting


You couldn't memorise any spells.
You knew the following spells:

 Your Spells              Type           Power      Damage    Failure   Level
a - Foxfire               Conj/Fire      100%       2x1d9     3%          1
b - Conjure Flame         Conj/Fire      26%        6-21      12%         3
c - Inner Flame           Hex/Fire       26%        N/A       12%         3
d - Sticky Flame          Conj/Fire      26%        2d5       36%         4
e - Fireball              Conj/Fire      13%        3d7       71%         5
f - Apportation           Tloc           52%        N/A       3%          1
g - Corpse Rot            Necr/Air       N/A        N/A       6%          2
Your spell library was empty.

Dungeon Overview and Level Annotations

Branches:
Dungeon (4/15)
 Temple: D:4-7

Altars:
Ashenzari
Cheibriados
Dithmenos
Gozag
Trog
Xom

Shops:
D:3 :


Innate Abilities, Weirdness & Mutations

You are immune to poison.
Your flesh is very heat resistant. (rF++)
You are vulnerable to cold. (rC-)
You float through the air rather than walking.
You learn spells naturally, not from books.
Your magical power is your life essence.
You have superior vitality. (+4 HP)


Message History

You kill the orc wizard!
Cheibriados appreciates the change of pace.
Your Armour skill increases to level 2!
Casting: Foxfire (safe; 3% risk of failure)
Confirm with . or Enter, or press ? or * to list all spells.
You conjure some foxfire!
* * * LOW HITPOINT WARNING * * *
The orc closely misses you.
The foxfire hits the orc.
You kill the orc!
Cheibriados appreciates the change of pace.
Your foxfire dissipates!
Things that are here:
a +0 dagger; a +0 robe
Things that are here:
a +0 trident; an orc skeleton
Things that are here:
a +0 mace; a +0 leather armour You reach down and open the door.
You reach down and open the door.
There is an open door here.
You reach down and open the door.
There is an open door here.
You now have 271 gold pieces (gained 14).
You reach down and open the door.
An ogre comes into view. It is wielding a +0 giant spiked club.
Casting: Foxfire (safe; 3% risk of failure)
Confirm with . or Enter, or press ? or * to list all spells.
Okay, then.
The ogre hits you with a +0 giant spiked club!
The flow of time bends around you.
The ogre resists with some effort.
The ogre hits you with a +0 giant spiked club!
The ogre barely misses you.
There is an open door here.
The ogre barely misses you.
The ogre hits you with a +0 giant spiked club!
* * * LOW HITPOINT WARNING * * *
There is an open door here.
The ogre hits you with a +0 giant spiked club!
You die...

#.........# #.# ###'####### #.#
###.###### #.# +........# #.#
########## ###.####.# #.# ###
#......... # #.# #.## #.# #<#
#.########
###.####..#####.####.###.########
'..........................>....#
###.#####..#####@#######.####....
# #.# ##.## #O# #.# #.#.# #.#
#..# ##'##### #.# #.#.. #.#
##.###......# #.# #.### #.#
#..##......# ... ... #..
##.##......# ### #.# #
#...######.##......# #.# #
#...'.......'......# #. #
#...######.######+## #


You could see an ogre.

Vanquished Creatures
  A hound (D:4)
  2 centaur skeletons (D:4)
  An orc wizard (D:4)
  Robin (D:2)
  A gnoll (D:3)
  9 adders
  2 worms
  3 dart slugs
  6 orcs
  3 ball pythons
  4 bats
  8 endoplasms
  13 goblins
  5 hobgoblins
  8 jackals
  3 quokkas
  2 frilled lizards
  7 kobolds
  2 rats
81 creatures vanquished.

Vanquished Creatures (others)
  236 foxfires
236 creatures vanquished.

Grand Total: 317 creatures vanquished

Notes
Turn   | Place    | Note
-------+----------+-------------------------------------------
     0 | D:1      | funkygono the Djinni Fire Elementalist began the quest for
                  | the Orb.
     0 | D:1      | Reached XP level 1. HP: 15/15 MP: 0/0
   250 | D:1      | Reached skill level 3 in Spellcasting
   410 | D:1      | Reached XP level 2. HP: 13/21 MP: 0/0
  1390 | D:1      | Reached XP level 3. HP: 22/25 MP: 0/0
  1390 | D:1      | Learned a level 1 spell: Apportation
  1865 | D:2      | Reached XP level 4. HP: 30/31 MP: 0/0
  1873 | D:2      | Reached skill level 4 in Spellcasting
  1889 | D:2      | Noticed Robin
  1895 | D:2      | Killed Robin
  2874 | D:2      | Reached XP level 5. HP: 21/35 MP: 0/0
  2874 | D:2      | Learned a level 2 spell: Corpse Rot
  3010 | D:2      | Found a broken altar of Ashenzari.
  3300 | D:3      | Found a bloodstained altar of Trog.
  3685 | D:3      | Found Xuciuvi's Book Emporium.
  3725 | D:3      | Found a snail-covered altar of Cheibriados.
  3730 | D:3      | Found an opulent altar of Gozag.
  3735 | D:3      | Became a worshipper of Cheibriados the Contemplative
  4272 | D:3      | Found a shimmering altar of Xom.
  4415 | D:4      | Reached skill level 5 in Spellcasting
  4596 | D:4      | Reached skill level 1 in Armour
  4596 | D:4      | Reached XP level 6. HP: 20/41 MP: 0/0
  4872 | D:4      | Found a shadowy altar of Dithmenos.
  5469 | D:4      | Slain by an ogre

Illustrated notes

Levels and vault maps discovered:
D:1:      nzn_arrival_settlement, layout_loops_corners
D:2:      layout_loops_ring, evilmike_ruin_ashenzari, uniq_robin
D:3:      layout_loops_ring, trog_antimagical, lemuel_round_altar,
          chequers_temple_overflow_statue_of_worship, serial_shops, shop,
          nrook_loot_triangle, dk_noncrumbling_4
D:4:      layout_basic, overflow_temple_1_default, tso_altar

Skill      XL: |  1  2  3  4  5  6 |
---------------+-------------------+-----
Spellcasting   | 3 4 5 |  5.2
Armour         | 1 2 |  2.0
Fighting       | |  0.8
Dodging        | |  2.9
Stealth        | |  1.5

Action                   |  1- 3 |  4- 6 || total
-------------------------+-------+-------++-------
Melee: Unarmed           |     2 |       ||     2
       Short sword       |       |     8 ||     8
 Cast: Foxfire           |    43 |   102 ||   145
       Conjure Flame     |       |     1 ||     1
Invok: Bend Time         |       |     1 ||     1
  Use: Scroll            |     3 |     3 ||     6
Armor: Robe              |     5 |     4 ||     9
       Ring mail         |       |    18 ||    18
Dodge: Dodged            |    16 |    55 ||    71

Table legend: (Time is in decaauts)
 A = Elapsed time spent in this place.
 B = Non-inter-level travel time spent in this place.
 C = Inter-level travel time spent in this place.
 D = Time resting spent in this place.
 E = Time spent auto-exploring this place.
 F = Levels seen in this place.
 G = Mean time per level.
                   A        B        C        D        E       F      G
               +--------+--------+--------+--------+--------+-----+--------+
         Total |   5792 |   5725 |     67 |      0 |   5104 |   4 | 1448.0 |
       Dungeon |   5792 |   5725 |     67 |      0 |   5104 |   4 | 1448.0 |
               +--------+--------+--------+--------+--------+-----+--------+

Top non-repeatable levels by time:
     D:2: 1562 daAuts
     D:1: 1559 daAuts
     D:3: 1449 daAuts
     D:4: 1220 daAuts
